Match 46948196
Unlisted

Match 46948196
End
Pioneer Squad
Construct Infanterie Kompanie
Selects Mechanized Battlegroup
Grenadier Squad
Grenadier Squad
Grenadier Squad
Infanterie Officer Quarters
MG 42 Machine Gun Team
Selects Raid Package
Construct Panzergrenadier Kompanie
Pak 40 Anti-tank Gun Team
Panzergrenadier Officer Quarters
Panzergrenadier Squad
Selects StuG Assault Group
StuG Assault Group
Support Elements
Angrybirds
Xufe
Atheng
HackerBlack_Sunday
0
0

Comments sign in to comment!

No comments posted yet!